General information
- name: BNet
- type: Ladder 1vs1/FFA
- host: Battle.net
- saver: 7.11
map: TurtleRock
- players: 2
- length: 16:48
- speed: Fast
- version: 1.24 W3XP
- replay type: Public
» download(44 KB)
Players
team 1 (loser)
jrbloch (
orange | 28 APM | 472 actions | 16:48)
2 Keeper of the Grove
1 Entangling Roots
1 Force of Nature
» actions
| Build / train | 60 | |
| Enter build submenu | 17 | |
| Enter hero's abilities submenu | 2 | |
| Right click | 173 | |
| Select / deselect | 185 | |
| Use ability | 35 | |
472 total
» units
| Wisp | 26 | |
| Archer | 9 | |
| Huntress | 4 | |
| Hippogryph | 9 | |
48 total
» upgrades
| Strength of the Moon | 1 | |
| Moon Armor | 1 | |
| Ultravision | 1 | |
| Sentinel | 1 | |
| Improved Bows | 1 | |
| Hippogryph Taming | 1 | |
| Reinforced Hides | 1 | |
| Strength of the Wild | 1 | |
8 total
» buildings
| Moon Well | 5 | |
| Altar of Elders | 1 | |
| Ancient of War | 2 | |
| Hunter's Hall | 2 | |
| Tree of Ages | 1 | |
| Ancient Protector | 2 | |
| Ancient of Wind | 2 | |
15 total
» build order
00:24 Moon Well
00:35 Altar of Elders
01:23 Ancient of War
01:31 Moon Well
02:40 Hunter's Hall
02:47 Hunter's Hall
03:41 Tree of Ages
03:58 Ancient Protector
04:53 Moon Well
05:17 Ancient of War
06:07 Ancient of Wind
06:14 Ancient of Wind
07:37 Moon Well
07:56 Ancient Protector
16:19 Moon Well
team 2 (winner)
7.11 (
green | 64 APM | 1068 actions | 16:48)
7 Blademaster
3 Wind Walk
3 Critical Strike
1 Bladestorm
» actions
| Assign group hotkey | 41 | |
| Basic commands | 54 | |
| Build / train | 53 | |
| ESC pressed | 2 | |
| Enter build submenu | 25 | |
| Enter hero's abilities submenu | 7 | |
| Give item / drop item | 6 | |
| Right click | 481 | |
| Select / deselect | 148 | |
| Select group hotkey | 171 | |
| Use ability | 80 | |
1068 total
» units
| Peon | 11 | |
| Wind Rider | 4 | |
| Troll Batrider | 12 | |
27 total
» upgrades
| Liquid Fire | 1 | |
| Ranged Weapons | 1 | |
2 total
» buildings
| Altar of Storms | 1 | |
| Orc Burrow | 5 | |
| Voodoo Lounge | 1 | |
| War Mill | 1 | |
| Watch Tower | 10 | |
| Stronghold | 1 | |
| Beastiary | 3 | |
| Fortress | 1 | |
23 total
» build order
00:06 Altar of Storms
00:19 Orc Burrow
00:37 Voodoo Lounge
01:29 War Mill
01:34 Orc Burrow
02:56 Watch Tower
02:57 Watch Tower
03:33 Stronghold
03:55 Watch Tower
04:30 Watch Tower
04:33 Watch Tower
04:46 Watch Tower
05:08 Orc Burrow
05:57 Beastiary
06:06 Beastiary
07:40 Orc Burrow
08:04 Orc Burrow
10:55 Fortress
11:25 Watch Tower
11:26 Watch Tower
11:26 Watch Tower
11:27 Watch Tower
15:00 Beastiary
» items
| Healing Salve | 4 | |
| Lesser Clarity Potion | 7 | |
| Boots of Speed | 1 | |
| Staff of Teleportation | 1 | |
| Periapt of Vitality | 1 | |
14 total
Chat log
(12:38 / All) jrbloch: you got lucky
(12:40 / All) 7.11: LOL
(12:41 / All) 7.11: sure
(12:50 / All) jrbloch: fucking pathetic invisible cheat shit
(12:54 / All) 7.11: y u mad
(13:11 / All) jrbloch: invisible = cheat
(13:13 / All) 7.11: LOL
(13:15 / All) 7.11: cry fucking moe
(13:16 / All) 7.11: more
(13:26 / All) jrbloch: you suck so you go invisible
(13:31 / All) 7.11: hey dont you have an entire race that goes invisible?
(13:43 / All) 7.11: no answer to that huh
(14:11 / All) 7.11: so mad you cant leave?
(14:19 / All) 7.11: lol
(14:32 / All) jrbloch: you are a cheat
(14:37 / All) 7.11: you are mad
(14:40 / All) 7.11: cry more
(15:16 / All) 7.11: no u may not expand.
(15:18 / All) jrbloch: not crying but you arfe a cheat
(15:26 / All) 7.11: no not crying at all
(15:27 / All) 7.11: LOL
(15:32 / All) jrbloch: because you were invible
(15:44 / All) 7.11: does your race go invisible
(15:45 / All) 7.11: yes or no
(15:50 / All) 7.11: youre entire race
(15:51 / All) jrbloch: no
(15:53 / All) 7.11: huntresses
(15:58 / All) 7.11: archers
(16:00 / All) 7.11: female heroes
(16:07 / All) 7.11: they dont go invisible at night?
(16:11 / All) 7.11: lol
(16:31 / All) 7.11: what you gonna cry about now
(16:40 / All) jrbloch: no cheater
(16:43 / All) 7.11: cry cry cry